 Dungeon Crawl Stone Soup version 0.17.0-56-gd8de76c (webtiles) character file.

588 gorblad the Shield-Bearer (level 7, -10/121 HPs)
             Began as a Demonspawn Fighter on Dec 5, 2015.
             Killed by divine providence
             ... invoked by an orc priest
              (16 damage)
             ... on level 5 of the Dungeon.
             The game lasted 00:09:44 (4249 turns).

gorblad the Shield-Bearer (Demonspawn Fighter)      Turns: 4249, Time: 00:09:44

Health: -10/121    AC: 23    Str: 24    XL:     7   Next: 15%
Magic:  7/7        EV:  2    Int:  9    God:
Gold:   249        SH: 10    Dex: 12    Spells: 0 memorised, 6 levels left

rFire  . . .     SeeInvis .     a - +0 long sword
rCold  . . .     Clarity  .     (armour currently unavailable)
rNeg   + + +     SustAt   .     c - +0 shield
rPois  +         Gourm    .     (helmet currently unavailable)
rElec  .         Spirit   .     (cloak currently unavailable)
rCorr  .         Warding  .     (gloves currently unavailable)
rMut   .         NoTele   +     (boots currently unavailable)
MR     .....                    (no amulet)
Stlth  ..........               (no ring)
                                (no ring)

@: berserking (expiring), lethally poisoned (-10 -> -13), tree-form, very quick,
not resistant to hostile enchantments, extremely unstealthy
A: (antennae 0), nightstalker 1, powered by death 1
a: no special abilities


You were on level 5 of the Dungeon.
You were hungry.
You were a tree.
You visited 1 branch of the dungeon, and saw 5 of its levels.

You collected 249 gold pieces.

Inventory:

Hand Weapons
 a - a +0 long sword (weapon)
Armour
 b - a +0 scale mail
 c - a +0 shield (worn)
 l - a +1 cloak (melded)
 t - a +2 chain mail of cold resistance (melded)
Jewellery
 o - an uncursed ring of ice
 y - an uncursed ring of protection from magic {unknown}
Wands
 f - a wand of slowing (25)
Scrolls
 h - a scroll of remove curse
 i - a scroll of amnesia
 k - 4 scrolls of teleportation
Potions
 d - 2 potions of might
 u - a potion of degeneration {unknown}
 v - a potion of cancellation {unknown}
Miscellaneous
 q - a plain deck of defence {the Potion}
Comestibles
 e - 3 bread rations
 g - 2 slices of pizza
 j - a royal jelly
 n - a beef jerky
 z - 2 fruits


   Skills:
 + Level 4.1 Fighting
 + Level 3.3 Long Blades
 + Level 4.2 Armour
 + Level 2.5 Dodging
 + Level 0.6 Stealth
 + Level 4.5 Shields


You had 6 spell levels left.
You didn't know any spells.

Dungeon Overview and Level Annotations

Branches:
Dungeon (5/15)
 Temple: D:4-7

Altars:
Gozag
Sif Muna

Annotations:
D:5 Eustachio


Innate Abilities, Weirdness & Mutations

((You have a pair of antennae on your head.))
You are slightly more attuned to the shadows.
You regenerate a little health from kills.


Message History

You are too injured to fight recklessly!
You are too injured to fight recklessly!
You are too injured to fight recklessly!
You are too injured to fight recklessly!
You are too injured to fight recklessly!
You are too injured to fight recklessly!
You are too injured to fight recklessly!
You are too berserk!
You barely miss the river rat.
You feel sick.
The river rat bites you but does no damage.
You closely miss the river rat.
You feel less regenerative.
You feel sick.
You completely miss the river rat. The river rat bites you.
* * * LOW HITPOINT WARNING * * *
The crimson imp blinks!
You barely miss the river rat.
You feel sick.
The orc priest invokes the aid of Beogh against you.
Something smites you!
You die...

#....# #.######......
#....# #.# #......
########....###.#
#...... #.
#...............# ..
#...#.###############
#......5......#
###+#########.# #.# .
#♣# .. #r#
#..###§#######
#....or@.....#
#.###$S......#
#....)...# #........#
#........#
#........###


You could see Eustachio, an orc priest, an adder, a river rat and a rat.

Vanquished Creatures
  An ogre (D:4)
  A centaur (D:5)
  A hound (D:5)
  A jelly (D:5)
  Crazy Yiuf (D:2)
  Ijyb (D:2)
  3 worker ants
  A hound zombie (D:5)
  A hound skeleton (D:5)
  5 adders
  4 gnolls
  2 shadow imps (D:5)
  An adder zombie (D:4)
  An adder skeleton (D:5)
  8 giant geckos
  10 orcs
  2 ball pythons (D:2)
  5 bats
  3 giant cockroaches
  12 goblins
  10 hobgoblins
  4 jackals
  6 kobolds
  A quokka (D:2)
  2 giant newts
  A quokka skeleton (D:4)
  11 rats
99 creatures vanquished.

Notes
Turn   | Place    | Note
--------------------------------------------------------------
     0 | D:1      | gorblad the Demonspawn Fighter began the quest for the Orb.
     0 | D:1      | Reached XP level 1. HP: 18/18 MP: 1/1
   233 | D:1      | Gained mutation: You have a pair of small antennae on your head. [demonic ancestry]
   233 | D:1      | Reached XP level 2. HP: 24/24 MP: 2/2
   828 | D:1      | Gained mutation: You are slightly more attuned to the shadows. [demonic ancestry]
   828 | D:1      | Reached XP level 3. HP: 18/29 MP: 3/3
  1679 | D:2      | Noticed Ijyb
  1718 | D:2      | Killed Ijyb
  1718 | D:2      | Reached XP level 4. HP: 25/35 MP: 4/4
  1886 | D:2      | Noticed Crazy Yiuf
  1897 | D:2      | Killed Crazy Yiuf
  2653 | D:3      | Gained mutation: You regenerate a little health from kills. [demonic ancestry]
  2653 | D:3      | Reached XP level 5. HP: 37/41 MP: 5/5
  2665 | D:3      | Reached skill level 1 in Dodging
  3285 | D:4      | Found an opulent altar of Gozag.
  3285 | D:4      | Found a deep blue altar of Sif Muna.
  3494 | D:4      | Reached XP level 6. HP: 48/48 MP: 6/6
  3535 | D:4      | Reached skill level 4 in Shields
  3559 | D:4      | Noticed an ogre
  3573 | D:4      | Killed an ogre
  3893 | D:5      | Entered Level 5 of the Dungeon
  3998 | D:5      | Reached XP level 7. HP: 54/54 MP: 7/7
  4202 | D:5      | Noticed Eustachio
  4244 | D:5      | Gained mutation: You have a pair of antennae on your head. [potion of beneficial mutation]
  4249 | D:5      | HP: 6/121 [poison (a potion of poison)]
  4249 | D:5      | Killed from afar by an orc priest

Action                   |  1- 3 |  4- 6 |  7- 9 || total
-------------------------+-------+-------+-------++-------
Melee: Long sword        |   167 |   255 |    96 ||   518
  Use: Scroll            |     6 |     3 |       ||     9
       Potion            |       |     3 |     5 ||     8
 Stab: Sleeping          |       |     2 |       ||     2
  Eat: Chunk             |     3 |     9 |       ||    12
